 Dungeon Crawl Stone Soup version 0.32-a0-768-g0f6f1dd4b9 (webtiles) character file.

Game seed: 8612369398075271325

7790 ezpacito the Trooper (level 11, -2/141 HPs)
             Began as a Coglin Chaos Knight on Mar 18, 2024.
             Was a Plaything of Xom.
             Slain by a five-headed hydra (10 damage)
             ... on level 9 of the Dungeon.
             The game lasted 00:12:13 (8371 turns).

ezpacito the Trooper (Coglin Chaos Knight)          Turns: 8371, Time: 00:12:14

Health: -2/141     AC: 25    Str: 16      XL:     11   Next: 20%
Magic:  17/17      EV:  2    Int: 11      God:    Xom [*.....]
Gold:   94         SH:  0    Dex: 16 (17) Spells: 18/18 levels left

rFire   . . .        x - +3 broad axe (venom) {Sebastián}
rCold   . . .        a - +1 hand axe (chaos) {Servius}
rNeg    . . .        y - melded +1 troll leather armour
rPois   +            (helmet currently unavailable)
rElec   .            (cloak currently unavailable)
rCorr   .            g - melded +0 pair of gloves
SInv    .            k - melded +0 pair of boots
Will    +....        (no amulet)
Stlth   +++          (no ring)
HPRegen 0.43/turn    (no ring)
MPRegen 0.15/turn    (no gizmo)

%: no passive effects
@: tree-form
A: stationary, stasis, torment immunity, boosted hp, off-hand wielding, slow
wielding, warmup strikes, (no jewellery), (beak), agile 1, strong-willed 1,
sense surroundings 1, robust 1, (cold vulnerability 1), persistent drain
a: Invent Gizmo, Renounce Religion


You were on level 9 of the Dungeon.
You worshipped Xom.
You were a special plaything of Xom.
You were a tree.
You visited 2 branches of the dungeon, and saw 10 of its levels.

You collected 398 gold pieces.
You spent 304 gold pieces at shops.

Inventory:

Hand Weapons
 a - a +1 hand axe of chaos (offhand) {Servius}
 h - a +3 trident
 x - a +3 broad axe of venom (weapon) {Sebastián}
 C - a +2 vampiric war axe
Missiles
 c - 2 javelins
 j - a throwing net
 m - 14 poisoned darts (quivered)
 r - 5 boomerangs
 w - 4 silver javelins
Armour
 g - a +0 pair of gloves (melded)
 k - a +0 pair of boots (melded)
 y - a +1 troll leather armour (melded)
 A - the +1 helmet "Issebyon" {Str+3 Int+3}
   (You found it on level 3 of the Dungeon)

   Str+3:     It affects your strength (+3).
   Int+3:     It affects your intelligence (+3).
Wands
 B - a wand of charming (4)
Scrolls
 b - a scroll of amnesia
 d - a scroll of vulnerability
 e - a scroll of immolation
 f - 3 scrolls of noise
 i - a scroll of identify
 o - 2 scrolls of revelation
Potions
 l - a potion of attraction
 n - 2 potions of resistance
 u - 4 potions of mutation


   Skills:
 * Level 7.8 Fighting
 * Level 7.8(8.5) Axes
 + Level 4.7(6.6) Polearms
 * Level 6.8 Armour
 * Level 6.5 Dodging
 + Level 4.3 Stealth
 + Level 4.1 Spellcasting
 + Level 2.6 Evocations


You had 18 spell levels left.
You didn't know any spells.
Your spell library contained the following spells:

 Spells                   Type           Power      Damage    Failure   Level
 Tukima's Dance           Hex            2%         N/A       56%         3
 Passage of Golubria      Tloc           2%         N/A       93%         4
 Yara's Violent Unravell  Hex/Alch       1%         3d3       100%        5


Dungeon Overview and Level Annotations

Branches:
Dungeon (9/15)             Temple (1/1) D:4
   Lair: D:8-11         Orc: D:9-12

Altars:
Ashenzari
Cheibriados
Dithmenos
Elyvilon
Fedhas
Gozag
Hepliaklqana
Kikubaaqudgha
Makhleb
Nemelex Xobeh
Okawaru
Qazlal
Ru
Sif Muna
Trog
Uskayaw
Vehumet
Wu Jian
Xom
Yredelemnul
Zin
The Shining One

Shops:
D:6 (=[*

Annotations:
D:4 1 runed translucent door, hecktor's ghost, amateur FoHu


Innate Abilities, Weirdness & Mutations

You are a tree.
Your roots penetrate the ground, keeping you stationary.
You cannot be teleported.
You are immune to unholy pain and torment.
Your maximum health is greatly increased.
Your equipment is partially melded.
You can wield a second weapon in your off-hand.
It takes a long time for you to wield or remove held weapons.
Your first few attacks do less damage.
((You cannot equip rings or amulets.))
((You have a beak for a mouth.))
You are agile. (Dex +4, Str/Int -1)
You are strong-willed. (Will+)
You passively map a small area around you.
You are robust. (+10% HP)
((You are vulnerable to cold. (rC-)))
Your health recovers twice as slowly from being drained.


Message History

You hear Xom's avuncular chuckle.
Your body is suffused with distortional energy.
You feel your surroundings grow louder.
You feel resistant to cold.
You feel a strange attunement to the structure of the dungeons.
You no longer feel cold resistant.
You feel vulnerable to cold.
You regained 2 hp, and now have 32/94 hp.
Okay, then.
As you read the scroll of torment, it crumbles to dust.
Your body is wracked with pain!
* * * LOW HITPOINT WARNING * * *
The five-headed hydra convulses!
The five-headed hydra completely misses you.
The five-headed hydra barely misses you.
The five-headed hydra bites you but does no damage.
The five-headed hydra barely misses you.
The five-headed hydra bites you!
* * * LOW HITPOINT WARNING * * *
You take 22 damage, and have 10/94 hp.
MASSIVE DAMAGE!!
Okay, then.
You feel better.
You hear Xom's avuncular chuckle.
The vampire mosquito flickers and vanishes!
Deactivating autopickup; reactivate with Ctrl-A.
The five-headed hydra bites you but does no damage.
The five-headed hydra barely misses you.
The five-headed hydra bites you!
* * * LOW HITPOINT WARNING * * *
The five-headed hydra barely misses you.
The five-headed hydra bites you.
* * * LOW HITPOINT WARNING * * *
You take 3 damage, and have 7/94 hp.
You turn into a tree.
Your +0 pair of gloves melds into your body.
Your +0 pair of boots melds into your body.
Your +1 troll leather armour melds into your body.
Your roots penetrate the ground.
The five-headed hydra bites you.
* * * LOW HITPOINT WARNING * * *
The five-headed hydra bites you!
You die...
Xom bursts into laughter!

. #....#.#..# ####....#### #
###......°# #..........# **
###....B# #..........# *
..###.#.# #..........#### *
....#.#.# #.......>..'..# ,
,,........# #..........##.#
##############.# #..........##.#
.........# #.###.......!..##.#
.#######.# #{D♣...........##.# .#
#.### #####..........##.# .#
#...# #..........##.# .# ###.#.#
#..........##.# .# #.....#
#############.## .# #.....# #####
#...
.#####..∩..#############...###.#.
.....#...........................
.###.......#.##########.#...~~..~


You could see a five-headed hydra.

Vanquished Creatures
  The ghost of snetch the Basher, a novice MiBe of Trog (D:8)
  Pikel (D:8)
  A komodo dragon (D:7)
  A polar bear (D:9)
  A troll (D:8)
  Sigmund (D:4)
  5 yaks (D:9)
  A wyvern (D:9)
  A vampire (D:9)
  A steam dragon (D:7)
  4 vampire mosquitoes (D:9)
  Duvessa (D:4)
  3 water moccasins
  An orc warrior (D:7)
  A sky beast (D:7)
  2 ice beasts
  3 black bears
  An ogre (D:7)
  3 wolves (D:9)
  5 centaurs
  A phantom (D:4)
  A bullfrog (D:7)
  5 scorpions
  A gnoll sergeant (D:9)
  14 wights
  Dowan (D:4)
  5 killer bees (D:9)
  3 howler monkeys (D:8)
  A hound (D:7)
  An orc priest (D:5)
  A sleepcap (D:6)
  6 iguanas
  2 orc wizards
  A killer bee simulacrum (D:9)
  4 adders
  7 gnolls
  A shadow imp (D:6)
  3 white imps
  2 ufetubi (D:5)
  A ribbon worm (D:4)
  20 orcs
  8 endoplasms
  11 goblins
  9 hobgoblins
  9 jackals
  4 quokkas
  9 ball pythons
  4 bats
  3 frilled lizards
  14 kobolds
  2 rats (D:1)
192 creatures vanquished.

Vanquished Creatures (collateral kills)
  An ice beast (D:7)
  A kobold brigand (D:7)
  A lemure (D:8)
  2 wights (D:7)
  A hound (D:7)
  An orc priest (D:7)
  A gnoll bouda (D:6)
  An orc wizard (D:7)
  A gnoll (D:6)
  A white imp (D:7)
  3 orcs
  A goblin (D:3)
  A kobold (D:7)
16 creatures vanquished.

Grand Total: 208 creatures vanquished

Notes
Turn   | Place    | Note
-------+----------+-------------------------------------------
     0 | D:1      | ezpacito the Coglin Chaos Knight began the quest for the
                  | Orb.
     0 | D:1      | Reached XP level 1. HP: 18/18 MP: 1/1
    77 | D:1      | Reached skill level 1 in Dodging
    79 | D:1      | Reached XP level 2. HP: 21/24 MP: 2/2
   149 | D:1      | XOM: potion effect (haste)
   167 | D:1      | XOM: silly message
   232 | D:1      | Reached XP level 3. HP: 28/29 MP: 3/3
   319 | D:1      | XOM: polymorph hobgoblin -> bat
   454 | D:1      | Found a faded altar of an unknown god.
   538 | D:2      | XOM: noise
   769 | D:2      | XOM: divination: magic mapping
   941 | D:2      | XOM: divination: magic mapping
  1052 | D:3      | Reached XP level 4. HP: 35/35 MP: 5/5
  1100 | D:3      | XOM: divination: magic mapping
  1132 | D:3      | Found an iron altar of Okawaru.
  1246 | D:3      | Found a basalt altar of Yredelemnul.
  1256 | D:3      | Identified the +1 helmet "Issebyon" {Str+3 Int+3}
  1440 | D:4      | Reached skill level 1 in Polearms
  1491 | D:4      | Noticed Sigmund
  1511 | D:4      | Killed Sigmund
  1512 | D:4      | Reached skill level 1 in Stealth
  1512 | D:4      | Reached skill level 1 in Spellcasting
  1512 | D:4      | Reached XP level 5. HP: 42/42 MP: 6/6
  1512 | D:4      | Reached XP level 6. HP: 48/48 MP: 7/7
  1538 | D:4      | Found a staircase to the Ecumenical Temple.
  1592 | D:4      | Noticed a black bear
  1602 | D:4      | Killed a black bear
  1701 | D:4      | Noticed Dowan
  1705 | D:4      | Noticed Duvessa
  1708 | D:4      | Killed Dowan
  1710 | D:4      | XOM: confuse monster(s)
  1712 | D:4      | Gained mutation: You have hidden genetic potential. [potion
                  | of mutation]
  1732 | D:4      | XOM: potion effect (attraction)
  1737 | D:4      | Killed Duvessa
  1738 | D:4      | Reached XP level 7. HP: 47/54 MP: 9/9
  1885 | Temple   | Entered the Ecumenical Temple
  1973 | D:4      | Found a runed translucent door.
  2117 | D:4      | Gained mutation: You are agile. (Dex +4, Str/Int -1)
                  | [hidden potential]
  2328 | D:4      | Noticed hecktor's ghost (amateur FoHu)
  2408 | D:4      | XOM: summons 4 hostile demons
  2546 | D:5      | Entered Level 5 of the Dungeon
  2559 | D:5      | XOM: 2-stop teleportation journey
  2625 | D:5      | Reached XP level 8. HP: 56/61 MP: 10/10
  2807 | D:5      | XOM: god gift: robe {god gift}
  2831 | D:5      | Found a shimmering altar of Xom.
  3058 | D:5      | Found a bloodstained altar of Trog.
  3129 | D:5      | Reached skill level 5 in Fighting
  3149 | D:5      | Gained mutation: You passively dampen the noise of your
                  | surroundings. [hidden potential]
  3149 | D:5      | Lost mutation: You have hidden genetic potential. [hidden
                  | potential expressed]
  3242 | D:5      | XOM: 1-stop teleportation journey
  3349 | D:5      | XOM: scenery: 1 doors open
  3433 | D:5      | Found a broken altar of Ashenzari.
  3522 | D:5      | Reached skill level 5 in Axes
  3534 | D:5      | XOM: 5-stop teleportation journey
  3565 | D:5      | Identified the +1 buckler of Circular Logic {Dex+4}
  3583 | D:5      | XOM: stat loss: -1 Dex (16/17)
  3734 | D:6      | Found Vozuewacs's Antique Weapon Boutique.
  3739 | D:6      | Found Joakhykh's Antique Armour Boutique.
  3748 | D:6      | Bought a pair of boots for 103 gold pieces
  3791 | D:6      | Bought a chain mail for 103 gold pieces
  3865 | D:6      | Found Bidarog's Jewellery Shop.
  3958 | D:6      | Found Fituk Niblim's Assorted Antiques.
  3966 | D:6      | Bought a scroll labelled XOSOHA RYKAIMM for 18 gold pieces
  3990 | D:6      | XOM: cast spell 'Discord'
  4199 | D:6      | XOM: divination: magic mapping
  4244 | D:6      | XOM: 6-stop teleportation journey
  4283 | D:6      | XOM: give mutations
  4283 | D:6      | Gained mutation: You are robust. (+10% HP) [Xom's grace]
  4283 | D:6      | Gained mutation: You are strong-willed. (Will+) [Xom's
                  | grace]
  4525 | D:6      | Reached XP level 9. HP: 67/74 MP: 12/12
  5242 | D:7      | XOM: chaos upgrade
  5250 | D:7      | XOM: stat loss: -1 Str (18/19)
  5253 | D:7      | XOM: confusion
  5367 | D:7      | Reached skill level 5 in Armour
  5407 | D:7      | Noticed a komodo dragon
  5426 | D:7      | Killed a komodo dragon
  5639 | D:7      | XOM: scenery: summon butterflies
  5788 | D:7      | XOM: god gift: short sword {god gift}
  5823 | D:7      | XOM: stat loss: -1 Int (13/14)
  5825 | D:7      | Reached skill level 5 in Dodging
  5958 | D:7      | XOM: scenery: create altars
  6012 | D:7      | XOM: summons 9 friendly demons
  6025 | D:7      | XOM: cloud trail
  6030 | D:7      | Reached XP level 10. HP: 67/84 MP: 14/14
  6197 | D:7      | XOM: noise
  6594 | D:6      | Bought a broad axe for 80 gold pieces
  6723 | D:8      | Noticed Pikel
  6724 | D:8      | XOM: summons 10 friendly demons
  6726 | D:8      | Found a runed translucent gate.
  6726 | D:8      | Found a runed translucent gate.
  6727 | D:8      | Found a runed translucent gate.
  6728 | D:8      | Noticed snetch's ghost (novice MiBe)
  6728 | D:8      | XOM: enchant monster (good)
  6733 | D:8      | Killed Pikel
  6764 | D:8      | Killed snetch's ghost
  6848 | D:8      | XOM: god gift: amulet of magic regeneration
  7498 | D:8      | XOM: god gift: wand of charming (6)
  7513 | D:8      | XOM: god gift: +2 vampiric war axe
  7609 | D:9      | XOM: confuse monster(s)
  7618 | D:9      | XOM: confuse monster(s)
  7628 | D:9      | Reached skill level 1 in Evocations
  7642 | D:9      | XOM: divination: detect creatures
  7660 | D:9      | XOM: scenery: summon butterflies
  7705 | D:9      | Reached XP level 11. HP: 85/92 MP: 16/16
  7998 | D:9      | Noticed a centaur warrior
  7999 | D:9      | Noticed a catoblepas
  8039 | D:9      | XOM: give mutations
  8039 | D:9      | Gained mutation: Your health recovers twice as slowly from
                  | being drained. [Xom's mischief]
  8039 | D:9      | Gained mutation: You have a beak for a mouth. [Xom's
                  | mischief]
  8187 | D:9      | Found an opulent altar of Gozag.
  8190 | D:9      | Found a radiant altar of Vehumet.
  8245 | D:9      | XOM: stat loss: -1 Dex (16/17)
  8332 | D:9      | Noticed a boulder beetle
  8343 | D:9      | Noticed a five-headed hydra
  8368 | D:9      | XOM: give mutations
  8368 | D:9      | Lost mutation: You passively dampen the noise of your
                  | surroundings. [Xom's mischief]
  8368 | D:9      | Gained mutation: Your flesh is cold resistant. (rC+) [Xom's
                  | mischief]
  8368 | D:9      | Gained mutation: You passively map a small area around you.
                  | [Xom's mischief]
  8368 | D:9      | Lost mutation: Your flesh is cold resistant. (rC+) [Xom's
                  | mischief]
  8368 | D:9      | Gained mutation: You are vulnerable to cold. (rC-) [Xom's
                  | mischief]
  8370 | D:9      | XOM: enchant monster (bad)
  8371 | D:9      | Slain by a five-headed hydra

Illustrated notes

Levels and vault maps discovered:
D:1:      dpeg_arrival_rooms_c, layout_rooms,
          shapermc_ecumenical_altar_mp_vishouse
D:2:      layout_rooms
D:3:      layout_rooms, yredelemnul_altar_generic, amcnicky_altar_gilded,
          reono_crystal_passage, minmay_misc_feat_encased
D:4:      layout_loops_cross, minmay_temple_entry_enclosed_plants,
          ebering_ghost_sewer_d, uniq_sigmund, uniq_duvessa
D:5:      layout_gridville, trog_hazing_becter, mainiacjoe_overflow_big_doors
D:6:      minmay_skewed_foursquare, layout_loops_ring, serial_shops,
          nicolae_inconvenience_store,
          nicolae_shop_temple_entry_statues_fountains, shop, shop
D:7:      layout_cave_pods, minmay_lizard_king
D:8:      layout_rooms, serial_aquarium, aquarium_bridge_long_separate
          [aquarium_subvault_wall, aquarium_subvault_bridge,
          aquarium_subvault_bridge, aquarium_subvault_bridge,
          aquarium_subvault_bridge, aquarium_subvault_bridge],
          aquarium_window_corridor_3, aquarium_window_2, aquarium_window_2,
          aquarium_view_2c, ebering_ghost_rock_garden, uniq_pikel
D:9:      minmay_tri_box, layout_basic, minitemple, serial_ice, serial_ice_n,
          serial_ice_a, serial_ice_f, serial_ice_l
Temple:   hellmonk_temple_two_chambers

Skill      XL: |  1  2  3  4  5  6  7  8  9 10 11 |
---------------+----------------------------------+-----
Dodging        | 1 2 3 4 5 6 |  6.5
Armour         | 2 3 4 5 6 |  6.8
Polearms       | 1 2 3 4 |  4.7
Stealth        | 1 2 3 4 |  4.3
Spellcasting   | 1 2 3 4 |  4.1
Fighting       | 4 5 6 7 |  7.8
Axes           | 4 5 6 7 |  7.8
Evocations     | 1 2 |  2.6

Action                     |  1- 3 |  4- 6 |  7- 9 | 10-12 || total
---------------------------+-------+-------+-------+-------++-------
  Melee: Dagger            |    88 |    31 |       |       ||   119
         Hand axe          |    93 |    68 |   211 |   136 ||   508
         Trident           |       |    32 |   244 |     5 ||   281
         Broad axe         |       |       |       |   136 ||   136
         Peck              |       |       |       |     5 ||     5
  Throw: Dart              |       |       |     7 |     1 ||     8
  Evoke: Wand              |       |       |       |     2 ||     2
    Use: Potion            |       |     7 |     4 |     3 ||    14
         Scroll            |       |     2 |    15 |     9 ||    26
   Stab: Confused          |       |     2 |     9 |     3 ||    14
         Sleeping          |       |       |     5 |     1 ||     6
         Petrifying        |       |       |     2 |       ||     2
         Distracted        |       |       |     1 |     1 ||     2
         Held in net/web   |       |       |       |     3 ||     3
         Petrified         |       |       |       |     2 ||     2
 Armour: Leather armour    |    68 |    42 |    81 |       ||   191
         Chain mail        |       |       |   123 |    72 ||   195
         Troll leather arm |       |       |       |   112 ||   112
         Skin              |       |       |       |     2 ||     2
  Dodge: Dodged            |    70 |    38 |   139 |   130 ||   377

Table legend: (Time is in decaauts)
 A = Elapsed time spent in this place.
 B = Non-inter-level travel time spent in this place.
 C = Inter-level travel time spent in this place.
 D = Time resting spent in this place.
 E = Time spent auto-exploring this place.
 F = Levels seen in this place.
 G = Mean time per level.
                   A        B        C        D        E       F      G
               +--------+--------+--------+--------+--------+-----+--------+
         Total |   8358 |   7796 |    562 |    462 |   5871 |  10 |  835.8 |
       Dungeon |   8356 |   7795 |    561 |    462 |   5871 |   9 |  928.4 |
        Temple |      1 |      1 |      0 |      0 |      0 |   1 |    1.0 |
               +--------+--------+--------+--------+--------+-----+--------+

Top non-repeatable levels by time:
     D:7: 1548 daAuts
     D:6: 1316 daAuts
     D:5: 1229 daAuts
     D:4: 1126 daAuts
     D:8: 920 daAuts
     D:9: 815 daAuts
     D:1: 526 daAuts
     D:2: 506 daAuts
     D:3: 366 daAuts
  Temple: 1 daAuts
